Map: Persephone LE

Players

SubN

  • Race: Zerg Zerg
  • League: Platinum
  • Spawn Location: 11:00

Lamename - Winner!

  • Race: Terran Terran
  • League: Platinum
  • Spawn Location: 7:00

VOD

Have the link to the VOD?

Description

Time

  • Played on: July 20, 2025, 1:54 p.m.
  • Length: 12:58
Show
View Real Time Build Order
Export as new Build Order

SubN Zerg 

Build Orders: Pool First 

Get SALT Encoding   

  12  0:00  Drone  
  13  0:12  Overlord  
  13  0:19  Drone  
  14  0:30  Drone x2  
  14  0:34  Drone  
  17  0:45  Spawning Pool  
  17  0:47  Drone  
  17  0:55  Drone  
  18  1:10  Hatchery  
  17  1:13  Drone  
  17  1:17  Extractor  
  17  1:21  Drone  
  18  1:29  Drone  
  19  1:33  Queen  
  21  1:47  Roach Warren  
  21  1:49  Drone  
  21  1:51  Overlord  
  21  2:11  Drone  
  22  2:21  Drone  
  23  2:23  Queen  
  25  2:37  Roach  
  25  2:38  Roach x3  
  33  2:45  Queen  
  33  2:46  Drone  
  33  2:51  Overlord  
  36  3:10  Drone x6  
  42  3:26  Lair  
  42  3:27  Overlord x2  
  42  3:49  Drone x6  
  48  4:07  Drone x2  
  48  4:08  Drone x2  
  52  4:12  Extractor  
  52  4:13  Extractor  
  52  4:14  Extractor  
  52  4:15  Metabolic Boost  
  49  4:19  Drone x3  
  49  4:20  Overlord  
  52  4:26  Glial Reconstitution  
  52  4:39  Overlord  
  52  4:40  Drone  
  52  4:41  Drone x3  
  56  4:46  Drone  
  57  4:54  Drone x2  
  57  4:58  Spire  
  57  4:59  Overlord x3  
  58  5:01  Zergling x2  
  58  5:02  Zergling x2  
  60  5:14  Overlord x2  
  60  5:16  Zergling x6  
  63  5:22  Overseer  
  63  5:24  Overseer  
  63  5:41  Roach x3  
  69  5:45  Zergling x14  
  77  5:57  Zergling x4  
  78  6:10  Overlord x2  
  78  6:12  Drone  
  78  6:13  Mutalisk x6  
  65  6:33  Roach x2  
  65  6:34  Roach  
  65  6:36  Zergling x4  
  73  6:50  Roach x4  
  79  7:10  Zergling x6  
  79  7:11  Zergling x6  
  61  7:27  Zergling x8  
  63  7:34  Drone  
  64  7:37  Hatchery  
  64  7:43  Mutalisk x2  
  64  7:44  Mutalisk x3  
  65  7:51  Queen  
  73  7:52  Baneling Nest, Drone  
  75  8:00  Hatchery  
  75  8:04  Zergling x2  
  75  8:05  Zergling x4  
  74  8:26  Drone x5, Queen  
  81  8:35  Drone x2  
  81  8:39  Centrifugal Hooks  
  83  8:41  Baneling  
  83  8:42  Baneling x19, Evolution Chamber x2  
  81  8:49  Zerg Flyer Weapons Level 1  
  81  8:52  Roach x2  
  81  8:53  Roach x4  
  93  8:57  Overlord  
  93  8:59  Overlord  
  93  9:10  Mutalisk  
  93  9:11  Mutalisk x2  
  93  9:13  Zergling x2  
  93  9:14  Zergling x8  
  93  9:16  Queen  
  106  9:18  Queen  
  108  9:25  Roach x4  
  108  9:26  Roach x2  
  108  9:29  Zerg Missile Weapons Level 1  
  108  9:31  Zerg Melee Weapons Level 1  
  120  9:36  Overseer  
  120  9:39  Drone x6  
  120  9:41  Extractor  
  120  9:43  Zergling x2, Extractor  
  125  9:46  Overlord  
  125  9:54  Roach x2  
  125  9:55  Roach x2  
  91  10:24  Zergling x26  
  91  10:25  Zergling x2  
  99  10:39  Zergling x10  
  94  10:59  Baneling x5  
  94  11:00  Baneling x13  
  94  11:04  Drone x3  
  94  11:05  Drone x3  
  94  11:08  Drone x3  
  94  11:10  Drone x3  
  106  11:25  Queen  
  106  11:26  Hatchery  
  106  11:32  Overlord  
  107  11:33  Overlord x2  
  107  11:42  Roach x3  
  107  11:43  Roach x3  
  107  11:45  Extractor  
  118  11:47  Mutalisk x4  
  118  11:50  Mutalisk x3, Extractor  
  131  11:56  Drone  
  131  11:57  Drone x2  
  131  11:58  Drone x3  
  137  12:03  Infestation Pit  
  134  12:10  Zergling x2  
  134  12:11  Zergling x22  
  146  12:32  Drone x6  
Show
View Real Time Build Order
Export as new Build Order

Lamename Terran - Winner!

Build Orders:  

Get SALT Encoding   

  12  0:00  SCV  
  13  0:12  SCV  
  14  0:17  Supply Depot  
  14  0:24  SCV  
  15  0:38  SCV  
  15  0:39  Barracks  
  16  0:46  Refinery  
  16  0:50  SCV  
  17  1:03  SCV  
  18  1:15  SCV  
  19  1:28  Orbital Command  
  19  1:35  Barracks Reactor  
  19  1:40  Command Center  
  19  1:54  SCV  
  19  1:55  Supply Depot  
  20  2:04  Refinery  
  20  2:06  SCV  
  21  2:11  Marine x2  
  23  2:22  SCV  
  24  2:29  Marine x2  
  26  2:34  SCV  
  27  2:37  Barracks  
  27  2:41  Factory  
  27  2:46  SCV  
  27  2:47  Marine x2  
  30  2:54  Orbital Command  
  31  2:58  SCV  
  31  3:03  Supply Depot  
  31  3:06  Marine  
  31  3:08  Marine  
  31  3:11  SCV  
  34  3:21  SCV  
  34  3:23  SCV  
  34  3:27  Barracks Tech Lab  
  36  3:28  Starport  
  36  3:29  Marine, Factory Tech Lab  
  36  3:34  SCV  
  38  3:36  SCV  
  39  3:46  Marauder  
  38  3:56  SCV x2  
  39  4:08  Marauder, SCV x2  
  42  4:11  Siege Tank  
  42  4:13  Starport Reactor  
  45  4:19  Supply Depot  
  45  4:21  Marine x2  
  45  4:22  SCV  
  48  4:27  Refinery, SCV  
  48  4:29  Marauder  
  51  4:35  SCV  
  52  4:39  SCV  
  52  4:42  Supply Depot, Marine  
  52  4:43  Marine  
  55  4:47  SCV  
  55  4:50  Marauder, Medivac  
  55  4:51  SCV  
  61  4:57  Supply Depot  
  61  5:01  Refinery  
  61  5:04  SCV x2  
  63  5:12  Supply Depot  
  63  5:13  Siege Tank  
  66  5:16  SCV x2  
  68  5:22  Medivac  
  70  5:31  Marine x3  
  73  5:37  Supply Depot  
  73  5:46  SCV  
  73  5:47  SCV  
  73  5:49  Command Center, Marine x2  
  77  5:58  Marauder, Engineering Bay, SCV  
  77  5:59  SCV  
  77  6:00  Engineering Bay  
  81  6:07  Marine x2  
  81  6:11  SCV x2  
  85  6:15  Supply Depot  
  85  6:23  SCV  
  83  6:29  Marine x3  
  82  6:38  Siege Tank  
  85  6:46  Marine  
  86  6:47  Marine x2, SCV x2  
  90  6:59  SCV  
  90  7:00  SCV  
  92  7:04  Marine  
  92  7:05  Marine x2  
  94  7:11  SCV  
  89  7:17  SCV  
  89  7:22  Marine x3  
  83  7:24  SCV  
  83  7:29  SCV  
  83  7:31  Orbital Command  
  83  7:34  Supply Depot  
  83  7:36  SCV  
  84  7:39  Missile Turret  
  84  7:40  Barracks, Marine x3  
  84  7:41  Viking  
  84  7:42  Barracks  
  84  7:43  SCV  
  90  7:47  Terran Infantry Weapons Level 1  
  90  7:48  SCV  
  90  7:49  Terran Infantry Armor Level 1  
  90  7:50  Missile Turret  
  91  7:58  Marine x3  
  92  8:01  Supply Depot  
  92  8:02  Supply Depot  
  92  8:03  Refinery, SCV  
  92  8:04  SCV  
  96  8:15  Marine, SCV  
  96  8:16  Marine x2  
  100  8:20  Armory  
  100  8:28  Stimpack  
  100  8:30  Barracks Tech Lab  
  100  8:32  Barracks Reactor x2  
  100  8:33  Marine  
  100  8:34  Marine x2  
  101  8:38  Siege Tank  
  101  8:39  Medivac  
  101  8:40  Medivac  
  110  8:47  Missile Turret  
  110  8:49  Missile Turret  
  110  8:51  Marine  
  110  8:52  Command Center, Marine x2, SCV  
  110  8:53  SCV x2  
  116  8:56  Refinery  
  116  9:04  SCV  
  116  9:05  Supply Depot, SCV x2  
  116  9:06  Supply Depot  
  116  9:09  Marine x2, Medivac  
  121  9:17  Missile Turret, SCV x3  
  123  9:18  Missile Turret x2  
  123  9:20  Marine x2  
  123  9:21  Marine x3  
  123  9:22  Missile Turret  
  130  9:27  Supply Depot, Marine  
  130  9:28  Supply Depot  
  130  9:29  SCV x3  
  130  9:30  Supply Depot  
  130  9:31  Marine  
  135  9:32  Siege Tank  
  135  9:38  Marine x2  
  138  9:41  SCV x3  
  138  9:43  Terran Infantry Weapons Level 2  
  143  9:48  Terran Infantry Armor Level 2  
  143  10:04  Siege Tank  
  146  10:08  Combat Shield  
  135  10:16  Marine x7  
  102  10:33  SCV x2  
  102  10:34  Marine x7, SCV  
  107  10:46  Command Center  
  105  10:51  Marine  
  105  10:52  Marine x6  
  105  10:56  Siege Tank  
  112  11:09  Marine, SCV x3  
  112  11:10  Marine x6  
  122  11:20  Barracks  
  122  11:21  Barracks  
  122  11:23  Barracks  
  122  11:25  Barracks x2  
  122  11:28  Missile Turret, Marine, Siege Tank  
  122  11:30  Marine x6  
  122  11:31  Missile Turret x2  
  132  11:43  SCV x3  
  132  11:46  Marine  
  136  11:47  Marine  
  136  11:48  Marine x5  
  142  11:55  SCV x2  
  142  12:00  Siege Tank, SCV  
  149  12:03  Marine  
  149  12:05  Marine  
  149  12:06  Marine x5  
  149  12:07  Planetary Fortress  
  154  12:11  Barracks Reactor x2  
  154  12:16  Medivac x2  
  154  12:19  Barracks Reactor  
  154  12:21  Marine  
  159  12:26  Refinery  
  159  12:27  Refinery  
Tags
 
Matchup
TvZ
Opening
Pool First
Replay Pack
Multiplayer
Spawn Locations
Close Positions
Add a new tag
Caveats
  • Supply blocks, unpowered buildings, or Contaminate may cause inaccurate times.
  • Supply counts are checked every 10 seconds.